 Dungeon Crawl Stone Soup version 0.31-a0-182-gc5ef74bbde (webtiles) character file.

Game seed: 2518155990515077447

41 qw the Chopper (level 3, -1/23 HPs)
             Began as a Gargoyle Fighter on June 20, 2023.
             Slain by Sigmund
             ... wielding a +0 scythe
              (7 damage)
             ... on level 2 of the Dungeon.
             The game lasted 00:00:28 (922 turns).

qw the Chopper (Gargoyle Fighter)                    Turns: 922, Time: 00:00:29

Health: -1/23      AC: 10    Str: 21    XL:     3   Next: 52%
Magic:  3/3        EV:  9    Int:  8    God:
Gold:   46         SH:  4    Dex:  9    Spells: 2/2 levels left

rFire   . . .        Y - +0 war axe
rCold   . . .        c - +0 buckler
rNeg    + . .        b - +0 scale mail
rPois   inf          (no helmet)
rElec   +            (no cloak)
rCorr   .            (no gloves)
SInv    .            (no boots)
Will    .....        e - amulet of faith Stlth
                     (no ring)
HPRegen 0.23/turn    (no ring)
MPRegen 0.08/turn

%: faith
@: no status effects
A: sickness immunity, AC +3, negative energy resistance 1, electricity
resistance, torment resistance 1, petrification resistance
a: no special abilities


You were on level 2 of the Dungeon.
You visited 1 branch of the dungeon, and saw 2 of its levels.

You collected 46 gold pieces.


Innate Abilities, Weirdness & Mutations

You are immune to sickness and miasma.
Your stone body is resilient. (AC +3)
You are immune to poison.
You resist negative energy. (rN+)
You are resistant to electric shocks. (rElec)
You are resistant to unholy torment.
You are immune to petrification.


   Skills:
 - Level 3.2 Fighting
 + Level 3.4 Axes
 - Level 3.2 Armour
 - Level 3.2 Shields


You had 2 spell levels left.
You didn't know any spells.
Your spell library was empty.

Inventory:

Hand Weapons
 h - a +0 club
 Y - a +0 war axe (weapon)
Armour
 b - a +0 scale mail (worn)
 c - a +0 buckler (worn)
Jewellery
 e - an amulet of faith (around neck)
Scrolls
 a - a scroll of enchant armour
Potions
 d - a potion of might
 g - a potion of cancellation {unknown}

Dungeon Overview and Level Annotations

Branches:
Dungeon (2/15)

Altars:

Annotations:
D:2 Sigmund


Message History

You now have 40 gold pieces (gained 4).
An endoplasm and an adder come into view.
The endoplasm quivers.
You slash the adder!
The adder is severely wounded.
The adder closely misses you.
You slash the adder!
You kill the adder!
You hit the endoplasm.
The endoplasm is almost dead.
You block the endoplasm's attack.
You slash the endoplasm!
You kill the endoplasm!
You now have 46 gold pieces (gained 6).
Sigmund the Dreaded comes into view.
He is wielding a +0 scythe.
910 ||| Stepping ~*~*~tactically~*~*~ (hiding).
You start waiting.
Sigmund is nearby!
912 ||| Stepping ~*~*~tactically~*~*~ (hiding).
913 ||| Stepping ~*~*~tactically~*~*~ (hiding).
You see here an adder corpse.
914 ||| Stepping ~*~*~tactically~*~*~ (hiding).
Sigmund looks at you with fury. Sigmund hits you with a +0 scythe.
You barely miss Sigmund.
Sigmund points at you and mumbles some strange words.
The magic dart hits you but does no damage.
You closely miss Sigmund.
Sigmund mumbles some strange words.
Sigmund flickers and vanishes!
Deactivating autopickup; reactivate with Ctrl-A.
Something hits you.
You slash something! Something hits you.
You closely miss something. Something hits you!
You closely miss something. You closely miss something. Something hits you!
You die...

.#.# ###.#@ #$....
#.... ...# #..#
#..# ..#.##.{###
#.......@.########
#.#..............#
....#..##%######.#
#.#.#..##.# #.# #
.....##.# #.#
......##.# #.##
.......##.######..#
...............#.#
...#####.#.#


There were no monsters in sight!

Vanquished Creatures
  An adder (D:2)
  2 dart slugs
  3 endoplasms
  A giant cockroach (D:1)
  2 goblins (D:1)
  3 hobgoblins
  4 jackals (D:1)
  3 ball pythons
  3 bats
  A frilled lizard (D:1)
  2 kobolds
  2 rats (D:1)
27 creatures vanquished.

Notes
Turn   | Place    | Note
-------+----------+-------------------------------------------
     0 | D:1      | qw the Gargoyle Fighter began the quest for the Orb.
     0 | D:1      | Reached XP level 1. HP: 14/14 MP: 1/1
     0 | D:1      | 0 ||| qw: Version: 0.3-a-9-g12657ce
     0 | D:1      | 0 ||| qw: Game counter: 1446
     0 | D:1      | 0 ||| qw: Always use a shield: true
     0 | D:1      | 0 ||| qw: God list: Okawaru
     0 | D:1      | 0 ||| qw: Allow faded altars: false
     0 | D:1      | 0 ||| qw: Do Orc after D:15 true
     0 | D:1      | 0 ||| qw: Do second Lair branch before Depths: true
     0 | D:1      | 0 ||| qw: Lair rune preference: random
     0 | D:1      | 0 ||| qw: Plans: Normal, Zot:1-4, Slime:5, God:TSO, Crypt,
                  | Tomb, Abyss, Pan, Hells, Win
     0 | D:1      | 0 ||| PLANNING D:1-11
   103 | D:1      | Reached XP level 2. HP: 19/19 MP: 2/2
   386 | D:1      | 386 ||| Stepping ~*~*~tactically~*~*~ (stealth).
   643 | D:1      | Reached skill level 3 in Axes
   703 | D:1      | Reached XP level 3. HP: 23/23 MP: 3/3
   797 | D:1      | 797 ||| UPGRADING to amulet of faith.
   802 | D:1      | 802 ||| READING 2 scrolls labelled YPERUN QEKA.
   845 | D:2      | 845 ||| Stepping ~*~*~tactically~*~*~ (stealth).
   909 | D:2      | Noticed Sigmund
   910 | D:2      | 910 ||| Stepping ~*~*~tactically~*~*~ (hiding).
   912 | D:2      | 912 ||| Stepping ~*~*~tactically~*~*~ (hiding).
   913 | D:2      | 913 ||| Stepping ~*~*~tactically~*~*~ (hiding).
   914 | D:2      | 914 ||| Stepping ~*~*~tactically~*~*~ (hiding).
   922 | D:2      | Slain by Sigmund

Levels and vault maps discovered:
D:1:      wander_arrival_lonely_grave, layout_basic, serial_curves,
          eino_curves_04, eino_curves_04
D:2:      cheibrodos_old_hovel, layout_loops_ring, uniq_sigmund, uniq_jessica

Skill      XL: |  1  2 |
---------------+-------+-----
Axes           | 2 3 |  3.4
Fighting       | |  3.2
Armour         | |  3.2
Shields        | |  3.2

Action                     || total
---------------------------++-------
  Melee: War axe           ||    82
    Use: Scroll            ||     1
 Armour: Scale mail        ||    46
  Dodge: Dodged            ||    40
  Block: Buckler           ||    14

Table legend:
 A = Non-vault XP
 B = Vault XP
 C = Vault XP percentage of total XP
 D = Non-vault monster count
 E = Vault monster count
 F = Vault count percentage of total count
                 A         B        C        D         E       F
            +---------+---------+-------+---------+---------+-------
      Total |      59 |       0 |   0.0 |      27 |       0 |   0.0
            +---------+---------+-------+---------+---------+-------
        D:1 |      34 |       0 |   0.0 |      20 |       0 |   0.0
        D:2 |      25 |       0 |   0.0 |       7 |       0 |   0.0
            +---------+---------+-------+---------+---------+-------
